 Dungeon Crawl Stone Soup version 0.21-a0-625-g1119ec1 (webtiles) character file.

39 Charly the Chopper (level 3, 0/34 HPs)
             Began as a Deep Dwarf Fighter on Dec 25, 2017.
             Slain by happinesssam's ghost (5 damage)
             ... on level 4 of the Dungeon.
             The game lasted 00:02:02 (142 turns).

Charly the Chopper (Deep Dwarf Fighter)              Turns: 142, Time: 00:02:03

Health: 0/34       AC:  6    Str: 20    XL:     3   Next: 26%
Magic:  3/3        EV:  7    Int:  8    God:
Gold:   0          SH:  9    Dex: 12    Spells: 2/2 levels left

rFire    . . .     SeeInvis .   a - +0 war axe
rCold    . . .     Gourm    .   c - +0 shield
rNeg     . . .     Faith    .   b - +0 scale mail
rPois    .         Spirit   .   (no helmet)
rElec    .         Reflect  .   (no cloak)
rCorr    .         Harm     .   (no gloves)
MR       .....                  (no boots)
Stlth    ..........             (no amulet)
HPRegen  0.00/turn              (no ring)
MPRegen  0.08/turn              (no ring)

@: non-regenerating
A: damage resistance, heal wounds, sense surroundings 1, no regeneration
a: Heal Wounds


You were on level 4 of the Dungeon.
You were not hungry.

You visited 1 branch of the dungeon, and saw 4 of its levels.

Inventory:

Hand Weapons
 a - a +0 war axe (weapon)
 e - a -2 war axe
Armour
 b - a +0 scale mail (worn)
 c - a +0 shield (worn)
Scrolls
 g - a scroll of noise {unknown}
Potions
 d - a potion of might
 h - 2 potions of invisibility {unknown}
Comestibles
 f - a ration


   Skills:
 + Level 3.2 Fighting
 * Level 3.6 Axes
 - Level 3.2 Armour
 - Level 3.2 Shields


You had 2 spell levels left.
You didn't know any spells.

Dungeon Overview and Level Annotations

Branches:
Dungeon (4/15)
 Temple: D:4-7

Altars:

Annotations:
D:4 happinesssam's ghost, amateur DgSk


Innate Abilities, Weirdness & Mutations

You are resistant to damage.
You can heal yourself by infusing magical energy.
You passively map a small area around you.
You do not regenerate.


Message History

You block the hound's attack. The hound bites you.
Happinesssam's ghost hits you.
Unknown command.
You slash happinesssam's ghost!
Happinesssam's ghost is severely damaged.
Your shield and scale mail prevent you from hitting the hound.
The hound bites you but does no damage. Happinesssam's ghost hits you.
You block the hound's attack.
Happinesssam's ghost hits you but does no damage.
Unknown command.
You barely miss happinesssam's ghost.
Happinesssam's ghost is severely damaged.
You closely miss the hound. The hound bites you but does no damage.
The hound bites you. Happinesssam's ghost hits you!
* * * LOW HITPOINT WARNING * * *
The hound bites you but does no damage.
Unknown command.
You fail to use your ability.
The hound closely misses you. Happinesssam's ghost hits you!
You die...

, , , * , .......
,,, , , .......,
....... ,,, . ,,
,........ ..
,.......# ** ..#
* ,
,.......#####...#
,......hW........
* , #)@........ ,
* #.......#. ,
#.##.......(..
**#...<......##.
#............#**
, #...##........#
, ... #........#
* , ,#.
,*#........#, , ,
, * , .........#
*


You could see a hound and happinesssam's ghost.

Vanquished Creatures
  A worker ant (D:4)
  3 orcs (D:4)
  A giant cockroach (D:3)
  A goblin (D:3)
  3 jackals (D:2)
  A frilled lizard (D:2)
10 creatures vanquished.

Notes
Turn   | Place    | Note
-------+----------+-------------------------------------------
     0 | D:1      | Charly the Deep Dwarf Fighter began the quest for the Orb.
     0 | D:1      | Reached XP level 1. HP: 20/20 MP: 1/1
   117 | D:4      | Noticed a worker ant
   121 | D:4      | Noticed happinesssam's ghost (amateur DgSk)
   123 | D:4      | Killed a worker ant
   123 | D:4      | Reached XP level 2. HP: 14/28 MP: 2/2
   123 | D:4      | Reached XP level 3. HP: 17/34 MP: 3/3
   142 | D:4      | Slain by happinesssam's ghost

Vault maps used:
D:1:      zelgadis_glass_arrival_small
D:2:      uniq_sigmund
D:3:      corexii_shack_village, tso_oasis_becter, lemuel_doored_altar,
          lemuel_crystal_altar, first_ration, gup_sewer_entry_glass,
          uniq_crazy_yiuf_cottage

Skill      XL: |  1 |
---------------+----+-----
Fighting       | 3 |  3.2
Axes           | 3 |  3.6
Armour         | |  3.2
Shields        | |  3.2

Action                   || total
-------------------------++-------
Melee: War axe           ||    35
 Abil: Heal Wounds       ||     1
  Use: Scroll            ||     1
Armor: Scale mail        ||    21
Dodge: Dodged            ||    19
Block: Shield            ||    25

Table legend:
 A = Spawn XP
 B = Non-spawn XP
 C = Spawn XP percentage of total XP
 D = Spawn monster count
 E = Non-spawn monster count
 F = Spawn count percentage of total count
 G = Total turns spent on level
                    A         B        C        D         E        F      G
               +---------+---------+-------+---------+---------+-------+---------
         Total |       0 |      56 |   0.0 |       0 |      10 |   0.0 |   142
               +---------+---------+-------+---------+---------+-------+---------
           D:2 |       0 |       7 |   0.0 |       0 |       4 |   0.0 |    39
           D:3 |       0 |       4 |   0.0 |       0 |       2 |   0.0 |    59
           D:4 |       0 |      45 |   0.0 |       0 |       4 |   0.0 |    25
               +---------+---------+-------+---------+---------+-------+---------
